 Dungeon Crawl Stone Soup version 0.19.1 (webtiles) character file.

120 kengeki the Grave Robber (level 4, -1/42 HPs)
             Began as a Deep Dwarf Necromancer on Dec 20, 2016.
             Slain by an orc wizard
             ... wielding a +0 dagger
              (5 damage)
             ... on level 3 of the Dungeon.
             The game lasted 00:24:34 (2871 turns).

kengeki the Grave Robber (Deep Dwarf Necromancer)   Turns: 2871, Time: 00:24:35

Health: -1/42      AC:  2    Str: 13    XL:     4   Next: 75%
Magic:  0/7        EV: 13    Int: 15    God:
Gold:   100        SH:  0    Dex: 13    Spells: 2 memorised, 3 levels left

rFire  . . .     SeeInvis .     g - +1 spear
rCold  . . .     Gourm    .     a - +0 robe
rNeg   . . .     Faith    .     (no shield)
rPois  .         Spirit   .     (no helmet)
rElec  .         Reflect  .     (no cloak)
rCorr  .         Harm     .     (no gloves)
MR     .....                    (no boots)
Stlth  ++........               (no amulet)
                                (no ring)
                                (no ring)

@: non-regenerating
A: damage resistance, recharge devices, sense surroundings 1, slow regeneration
3
a: Device Recharging


You were on level 3 of the Dungeon.
You were not hungry.

You visited 1 branch of the dungeon, and saw 3 of its levels.

You collected 100 gold pieces.

Inventory:

Hand Weapons
 g - a +1 spear (weapon)
Armour
 a - a +0 robe (worn)
Wands
 c - a wand of heal wounds (5/9)
Scrolls
 n - a scroll of remove curse
Potions
 e - a potion of curing
 j - a potion of cancellation {unknown}
 k - a potion of flight {unknown}
 l - a potion of agility {unknown}
 m - a potion of haste {unknown}
Books
 b - a book of Necromancy

   Spells                             Type                      Level
   a - Pain                           Necromancy                   1
   b - Animate Skeleton               Necromancy                   1
   c - Vampiric Draining              Necromancy                   3
   d - Regeneration                   Charms/Necromancy            3
   e - Animate Dead                   Necromancy                   4
   f - Control Undead                 Necromancy                   4
Comestibles
 d - a bread ration
 f - 2 chunks of flesh
 h - 3 fruits
 i - 3 meat rations


   Skills:
 + Level 3.0 Fighting
 + Level 3.0 Dodging
 - Level 2.4 Stealth
 + Level 2.1 Spellcasting
 + Level 4.8 Necromancy


You had 3 spell levels left.
You knew the following spells:

 Your Spells              Type           Power        Failure   Level  Hunger
p - Pain                  Necr           ###.         3%          1    #......
v - Vampiric Draining     Necr           ###.......   12%         3    ###....


Dungeon Overview and Level Annotations

Branches:
Dungeon (3/15)

Altars:

Annotations:
D:3 Grinder, Robin


Innate Abilities, Weirdness & Mutations

You are resistant to damage.
You can recharge devices by infusing magical energy.
You passively map a small area around you.
You do not regenerate.


Message History

Unknown command.
Unknown command.
Casting: Vampiric Draining
Confirm with . or Enter, or press ? or * to list all spells.
Aiming: Vampiric Draining
Press: ? - help, Shift-Dir - straight line, f/p - orc
Aim: an orc, wielding a war axe of chopping and wearing a chain mail (severely wounded)
You kill the orc!
Your Dodging skill increases to level 3!
You feel life coursing into your body.
The orc wizard looks satisfied for a moment.
The worker ant moves out of view.
Unknown command.
Unknown command.
Unknown command.
The orc wizard points at you and mumbles some strange words.
The puff of flame hits you!
* * * LOW HITPOINT WARNING * * *
The orc wizard hits you with a dagger.
You die...

.#* , ,
... #.. ,
, . , ,
... , *
,*,#.#, ,
, ... ,
#.# , , *
#b# , ,
*#.#.###o#
, ,
......o@#
,
#.#.###o#
, #o.,, *
,..#. , ,
, , , ,
..... ....
#.* , ,
,.... .# *
,, ....#.
# , *


You could see an orc wizard, 3 orcs and a bat.

Vanquished Creatures
  6 adders
  A worm (D:2)
  3 dart slugs (D:1)
  A leopard gecko (D:1)
  An orc (D:3)
  A giant cockroach (D:3)
  8 goblins
  7 hobgoblins
  10 kobolds
  3 ball pythons
  5 bats
  4 frilled lizards
  7 rats
57 creatures vanquished.

Notes
Turn   | Place    | Note
-------+----------+-------------------------------------------
     0 | D:1      | kengeki the Deep Dwarf Necromancer began the quest for the Orb.
     0 | D:1      | Reached XP level 1. HP: 15/15 MP: 3/3
    67 | D:1      | Reached skill level 1 in Fighting
   189 | D:1      | Reached XP level 2. HP: 14/25 MP: 0/4
   568 | D:1      | Reached XP level 3. HP: 14/33 MP: 0/5
   831 | D:1      | Learned a level 3 spell: Vampiric Draining
  1283 | D:2      | Reached XP level 4. HP: 17/40 MP: 1/6
  2591 | D:3      | Noticed Robin
  2780 | D:3      | Noticed Grinder
  2792 | D:3      | Paralysed by Grinder for 4 turns
  2871 | D:3      | Slain by an orc wizard

Skill      XL: |  1  2  3  4 |
---------------+-------------+-----
Fighting       | 1 2 3 |  3.0
Spellcasting   | 2 |  2.1
Dodging        | 3 |  3.0
Stealth        | |  2.4
Necromancy     | |  4.8

Action                   |  1- 3 |  4- 6 || total
-------------------------+-------+-------++-------
Melee: Spear             |    36 |    15 ||    51
       Unarmed           |     2 |       ||     2
 Cast: Pain              |    57 |    21 ||    78
       Vampiric Draining |       |    17 ||    17
  Use: Scroll            |     3 |     3 ||     6
 Stab: Sleeping          |     1 |       ||     1
  Eat: Chunk             |     2 |     6 ||     8
       Pizza             |       |     1 ||     1
Armor: Robe              |     6 |     4 ||    10
Dodge: Dodged            |    28 |    26 ||    54
